 Dungeon Crawl Stone Soup version 0.28-a0-1638-g9123634e07 (webtiles) character file.

Game seed: 11003263019154294367

165 gimp the Poker (level 5, 0/32 HPs)
             Began as a Tengu Wanderer on Jan 26, 2022.
             Was an Initiate of Vehumet.
             Killed by nerve-wracking pain
             ... invoked by an orc priest
              (12 damage)
             ... on level 4 of the Dungeon.
             The game lasted 00:05:57 (3365 turns).

gimp the Poker (Tengu Wanderer)                     Turns: 3365, Time: 00:05:57

Health: 0/32       AC:  2    Str: 12    XL:     5   Next: 46%
Magic:  12/18      EV: 13    Int: 15    God:    Vehumet [......]
Gold:   72         SH:  0    Dex: 13    Spells: 4/8 levels left

rFire   . . .      SeeInvis .   a - +1 trident
rCold   . . .      Faith    .   (no shield)
rNeg    . . .      Spirit   .   b - +0 robe
rPois   +          Reflect  .   (helmet restricted)
rElec   .          Harm     .   (no cloak)
rCorr   .          Rampage  .   (no gloves)
Will    .....                   (boots unavailable)
Stlth   +.........              (no amulet)
HPRegen 0.10/turn               c - ring of magical power
MPRegen 0.16/turn               e - ring of poison resistance

@: flying quickly and evasively, quick
A: beak, talons 3, nimble flight
a: Renounce Religion


You were on level 4 of the Dungeon.
You worshipped Vehumet.
Vehumet was noncommittal.
You visited 1 branch of the dungeon, and saw 4 of its levels.

You collected 91 gold pieces.
You spent 19 gold pieces at shops.

Inventory:

Hand Weapons
 a - a +1 trident (weapon)
Missiles
 f - 2 poisoned darts
 m - 3 curare-tipped darts
Armour
 b - a +0 robe (worn)
Jewellery
 c - a ring of magical power (left hand)
 e - a ring of poison resistance (right hand)
Scrolls
 g - 2 scrolls of teleportation
 h - a scroll of fog
 j - a scroll of noise {unknown}
 k - a scroll of fear {unknown}
 o - a scroll of identify {unknown}
Potions
 d - 2 potions of degeneration {unknown}
 i - a potion of haste {unknown}
 l - a potion of heal wounds {unknown}
 n - 3 potions of curing {unknown}


   Skills:
 - Level 3.0 Fighting
 + Level 5.8 Polearms
 * Level 2.4 Spellcasting
 * Level 3.3 Conjurations
 - Level 3.0 Air Magic
 * Level 1.8 Poison Magic


You had 4 spell levels left.
You knew the following spells:

 Your Spells              Type           Power      Damage    Failure   Level
a - Shock                 Conj/Air       44%        1d5       6%          1
b - Mephitic Cloud        Conj/Pois/Air  9%         N/A       22%         3

Your spell library contained the following spells:

 Spells                   Type           Power      Damage    Failure   Level


Dungeon Overview and Level Annotations

Branches:
Dungeon (4/15)
 Temple: D:4-7

Altars:
Fedhas
Kikubaaqudgha
Makhleb
Nemelex Xobeh
Vehumet

Shops:
D:3 *


Innate Abilities, Weirdness & Mutations

You have a beak for a mouth.
You have claws for feet.
Your magical nature lets you fly swiftly and evasively.


Message History

The zap hits something.
The zap misses the ball python.
The orc priest casts a cantrip, but nothing happens.
You now have 13/18 mp.
Casting: Shock (safe; 6% risk of failure)
Confirm with . or Enter, or press ? or * to list all spells.
Aiming: Shock (safe; 6% risk of failure)
Press: ? - help, Shift-Dir - straight line, f/p - ball python
Aim: a ball python (64% to hit)
That beam is likely to hit you.
Continue anyway?
Okay, then.
Casting: Shock (safe; 6% risk of failure)
Confirm with . or Enter, or press ? or * to list all spells.
Aiming: Shock (safe; 6% risk of failure)
Press: ? - help, Shift-Dir - straight line, f - orc priest, p - ball python
Aim: an orc priest, wielding a +0 club (heavily wounded, 68% to hit)
The zap hits the ball python.
The ball python is heavily wounded.
The zap hits the orc.
You kill the orc!
Vehumet accepts your kill.
The zap hits the orc priest.
The orc priest is heavily wounded.
The ball python bites you. The ball python barely misses you.
The orc priest mumbles some strange prayers to Beogh against you.
Beogh smites you!
You take 17 damage, and have 13/32 hp.
MASSIVE DAMAGE!!
Casting: Shock (safe; 6% risk of failure)
Confirm with . or Enter, or press ? or * to list all spells.
Aiming: Shock (safe; 6% risk of failure)
Press: ? - help, Shift-Dir - straight line, f/p - orc priest
Aim: an orc priest, wielding a +0 club (heavily wounded, 68% to hit)
The zap hits the ball python.
You kill the ball python!
Vehumet accepts your kill.
The zap hits the orc priest.
The orc priest is severely wounded.
Something hits you.
The orc priest mumbles some strange prayers to Beogh against you.
Pain shoots through your body!
You die...

... # ...# .# #.
... .# ... .. .#
.... #. .#
#....#.##.#
##...o..#.#####.
......)<........
########@.#####
#..# #..# #..#
#..# #..# #...
#...


You could see an orc priest.

Vanquished Creatures
  An orc priest (D:3)
  4 adders
  A worm (D:3)
  2 dart slugs (D:1)
  10 orcs
  12 ball pythons
  3 bats
  5 endoplasms
  4 giant cockroaches
  9 goblins
  6 hobgoblins
  6 jackals (D:3)
  3 quokkas
  2 frilled lizards (D:2)
  6 kobolds
  3 rats
77 creatures vanquished.

Notes
Turn   | Place    | Note
-------+----------+-------------------------------------------
     0 | D:1      | gimp the Tengu Wanderer began the quest for the Orb.
     0 | D:1      | gimp set off with the following items: a +1 trident, a +0
                  | robe; and the following spell memorised: Shock; and the
                  | following spells available to memorise: Mephitic Cloud
     0 | D:1      | Reached XP level 1. HP: 14/14 MP: 3/3
    84 | D:1      | Reached skill level 1 in Conjurations
    84 | D:1      | Reached XP level 2. HP: 19/19 MP: 4/4
   492 | D:1      | Reached XP level 3. HP: 21/23 MP: 6/6
   842 | D:1      | Learned a level 3 spell: Mephitic Cloud
  1658 | D:2      | Reached XP level 4. HP: 28/28 MP: 8/8
  2075 | D:3      | Found Aplot's General Store.
  2182 | D:3      | Bought 3 curare-tipped darts for 19 gold pieces
  2193 | D:3      | Reached skill level 1 in Poison Magic
  2205 | D:3      | Gained mutation: Your magical nature lets you fly swiftly
                  | and evasively. [Tengu growth]
  2205 | D:3      | Reached XP level 5. HP: 32/32 MP: 9/9
  2923 | D:3      | Found a faded altar of an unknown god.
  3059 | D:3      | Found a burning altar of Makhleb.
  3059 | D:3      | Found a blossoming altar of Fedhas.
  3060 | D:3      | Found a sparkling altar of Nemelex Xobeh.
  3062 | D:3      | Found an ancient bone altar of Kikubaaqudgha.
  3064 | D:3      | Found a radiant altar of Vehumet.
  3067 | D:3      | Became a worshipper of Vehumet
  3174 | D:4      | Noticed a phantom
  3365 | D:4      | Killed from afar by an orc priest

Illustrated notes

Levels and vault maps discovered:
D:1:      lightli_arrival_noodles, layout_basic, grunt_decor_one_mirror
D:2:      layout_basic, minivault_25, minmay_quantized
D:3:      layout_basic, minitemple, hellmonk_ecumenical_altar_heavens_door,
          serial_shops, shop, minmay_distorted
D:4:      nicolae_cairo_tiling_very_big, layout_cave_pods, st_stairs_5,
          roderic_lattice_a, uniq_menkaure, uniq_sigmund, uniq_blork_the_orc,
          uniq_natasha

Skill      XL: |  1  2  3  4  5 |
---------------+----------------+-----
Conjurations   | 1 2 3 |  3.3
Air Magic      | 2 3 |  3.0
Spellcasting   | 2 |  2.4
Poison Magic   | 1 |  1.8
Fighting       | |  3.0
Polearms       | |  5.8

Action                   |  1- 3 |  4- 6 || total
-------------------------+-------+-------++-------
Melee: Trident           |    29 |       ||    29
       Kick              |     2 |       ||     2
       Peck              |     2 |       ||     2
 Cast: Shock             |    67 |    86 ||   153
  Use: Scroll            |       |     2 ||     2
Armor: Robe              |     9 |     8 ||    17
Dodge: Dodged            |    26 |    11 ||    37

Table legend: (Time is in decaauts)
 A = Elapsed time spent in this place.
 B = Non-inter-level travel time spent in this place.
 C = Inter-level travel time spent in this place.
 D = Time resting spent in this place.
 E = Time spent auto-exploring this place.
 F = Levels seen in this place.
 G = Mean time per level.
                   A        B        C        D        E       F      G
               +--------+--------+--------+--------+--------+-----+--------+
         Total |   3306 |   3136 |    170 |    126 |   2575 |   4 |  826.5 |
       Dungeon |   3306 |   3136 |    170 |    126 |   2575 |   4 |  826.5 |
               +--------+--------+--------+--------+--------+-----+--------+

Top non-repeatable levels by time:
     D:3: 1219 daAuts
     D:2: 1176 daAuts
     D:1: 863 daAuts
     D:4: 46 daAuts
